 Dungeon Crawl Stone Soup version 0.22-a0-32-ga749362 (webtiles) character file.

12007634 NormalPerson7 the Conqueror (level 27, 224/224 HPs)
             Began as an Octopode Necromancer on Dec 30, 2017.
             Was the Champion of Kikubaaqudgha.
             Escaped with the Orb
             ... and 15 runes on Jan 3, 2018!
             The game lasted 14:15:34 (135353 turns).

NormalPerson7 the Conqueror (OpNe)                Turns: 135353, Time: 14:15:35

Health: 224/224    AC:  8    Str: 13    XL:     27
Magic:  43/43      EV: 41    Int: 30    God:    Kikubaaqudgha [******]
Gold:   9915       SH: 18    Dex: 15    Spells: 0/69 levels left

rFire    + + .     SeeInvis +     - Unarmed
rCold    + + .     Gourm    .   K - +5 shield {reflect}
rNeg     + . .     Faith    .   d - +3 crown of Dyrovepreva {rElec Int+2 SInv}
rPois    .         Spirit   .   H - amulet of Lail {RegenMP rN+ Str-4 Int+3}
rElec    +         Reflect  +   C - ring "Soskalyn" {*Drain rElec MR+ Int+2 Slay+3}
rCorr    .         Harm     .   q - ring of Upnoer {rF+ rC+}
MR       ++++.                  M - ring of protection from magic
Stlth    ++........             a - ring of Cossaej {Wiz SInv}
HPRegen  0.47/turn              E - +5 ring of evasion
MPRegen  0.53/turn              Q - ring "Heiz" {rC+ AC+4}
                                F - ring of protection from fire
                                U - ring "Cicafent" {EV+3 Str+7 Dex+6}

@: no status effects
A: almost no armour, stealthy swim, amphibious, 8 rings, constrict 8, camouflage
1, clumsy 2, deterioration 1, dopey 2, low mp 1, mutation resistance 1,
gelatinous body 1
0: Orb of Zot
}: 15/15 runes: decaying, slimy, silver, golden, iron, obsidian, icy, bone,
abyssal, demonic, glowing, magical, fiery, dark, gossamer
a: Receive Corpses, Torment, Renounce Religion


You escaped.
You worshipped Kikubaaqudgha.
Kikubaaqudgha was exalted by your worship.
You were not hungry.

You visited 18 branches of the dungeon, and saw 90 of its levels.
You visited Pandemonium 4 times, and saw 18 of its levels.
You visited the Abyss 8 times.
You visited 1 bazaar.
You also visited: Trove and Ice Cave.

You collected 13400 gold pieces.
You spent 3485 gold pieces at shops.

Inventory:

Missiles
 V - 7 throwing nets (quivered) {!f}
Armour
 d - the +3 crown of Dyrovepreva (worn) {rElec Int+2 SInv}
   (You found it on level 13 of the Dungeon)

   It affects your intelligence (+2).
   It insulates you from electricity.
   It lets you see invisible.
 K - a +5 shield of reflection (worn)
Magical Staves
 b - an uncursed staff of energy {!a}
 n - an uncursed staff of wizardry {Wiz, !a}
Jewellery
 a - the ring of Cossaej (on tentacle) {Wiz SInv}
   (You took it off a yaktaur captain on level 5 of the Vaults)

   [ring of wizardry]

   It improves your spell success rate.
   It lets you see invisible.
 j - an uncursed ring of magical power
 q - the ring of Upnoer (right tentacle) {rF+ rC+}
   (You bought it in a shop on level 2 of the Vaults)

   [ring of protection from cold]

   It protects you from fire.
   It protects you from cold.
 A - an uncursed ring of protection from cold
 C - the ring "Soskalyn" (left tentacle) {*Drain rElec MR+ Int+2 Slay+3}
   (You found it in Pandemonium)

   [ring of protection from magic]

   It affects your intelligence (+2).
   It affects your accuracy and damage with ranged weapons and melee attacks
   (+3).
   It insulates you from electricity.
   It affects your resistance to hostile enchantments.
   It causes draining when unequipped.
 E - a +5 ring of evasion (on tentacle)
 F - a ring of protection from fire (on tentacle)
 H - the amulet of Lail (around mantle) {RegenMP rN+ Str-4 Int+3}
   (You acquired it on level 1 of the Vaults)

   [amulet of magic regeneration]

   It increases your magic regeneration.
   It affects your strength (-4).
   It affects your intelligence (+3).
   It protects you from negative energy.
 M - a ring of protection from magic (on tentacle)
 P - an uncursed ring of resist corrosion
 Q - the ring "Heiz" (on tentacle) {rC+ AC+4}
   (You acquired it on level 2 of the Lair of Beasts)

   [ring of protection]

   It affects your AC (+4).
   It protects you from cold.
 S - a +3 ring of dexterity
 U - the ring "Cicafent" (on tentacle) {EV+3 Str+7 Dex+6}
   (You took it off a deep elf demonologist on level 3 of the Elven Halls)

   [ring of evasion]

   It affects your evasion (+3).
   It affects your strength (+7).
   It affects your dexterity (+6).
Wands
 k - a wand of digging (116)
 m - a wand of clouds (24)
 o - a wand of acid (29)
 N - a wand of paralysis (103)
 W - a wand of scattershot (7)
 X - a wand of iceblast (79)
Scrolls
 i - 10 scrolls of identify
 p - a scroll of magic mapping
 r - 37 scrolls of remove curse
 s - 3 scrolls of summoning {!r}
 t - 30 scrolls of teleportation
 x - 4 scrolls of blinking
 B - 4 scrolls of fog
 R - 2 scrolls of holy word
 Z - a scroll of amnesia
Potions
 c - 20 potions of curing
 f - 3 potions of haste
 h - 15 potions of heal wounds
 l - 9 potions of cancellation
 u - 9 potions of flight
 v - 8 potions of ambrosia
 z - 7 potions of brilliance
 I - 3 potions of might
 J - 5 potions of agility
 L - 7 potions of berserk rage
 O - 8 potions of invisibility
 T - 7 potions of magic
 Y - 6 potions of mutation {!q}
Miscellaneous
 g - 3 boxes of beasts
 w - a lamp of fire
 y - 6 sacks of spiders
 D - a phial of floods
 G - a figurine of a ziggurat
Comestibles
 e - 14 rations


   Skills:
 O Level 27 Fighting
   Level 7.0 Polearms
 O Level 27 Dodging
 - Level 4.0 Stealth
 - Level 15.1 Shields
 + Level 26.7 Unarmed Combat
 - Level 21.5 Spellcasting
 - Level 12.0 Conjurations
 - Level 13.0 Summonings
 - Level 18.0 Necromancy
 - Level 5.0 Translocations
 - Level 12.0 Transmutations
 - Level 6.0 Fire Magic
 - Level 20.0 Earth Magic
 - Level 16.5 Evocations


You couldn't memorise any spells.
You knew the following spells:

 Your Spells              Type           Power        Failure   Level  Hunger
b - Sublimation of Blood  Necr           #######...   0%          2    None
c - Borgnjor's Vile Clut  Necr/Erth      #######...   0%          5    None
f - Infestation           Necr           #######...   1%          8    #####..
h - Haunt                 Necr/Summ      #######...   1%          7    ##.....
p - Apportation           Tloc           ######       1%          1    None
q - Bolt of Fire          Conj/Fire      ######....   1%          6    None
r - Regeneration          Chrm/Necr      ######....   1%          3    None
v - Passage of Golubria   Tloc           N/A          1%          4    None
y - Dispel Undead         Necr           #######.     0%          5    None
z - Orb of Destruction    Conj           #######...   2%          7    ##.....
D - Animate Dead          Necr           N/A          0%          4    None
S - Statue Form           Tmut/Erth      #######..    1%          6    None
X - Blink                 Tloc           N/A          1%          2    None
Z - Shatter               Erth           ########..   9%          9    ######.


Dungeon Overview and Level Annotations

Branches:
Dungeon (15/15)            Temple (1/1) D:5            Lair (6/6) D:8
  Swamp (4/4) Lair:4       Spider (4/4) Lair:2        Slime (5/5) Lair:6
    Orc (2/2) D:10            Elf (3/3) Orc:2        Vaults (5/5) D:14
  Crypt (3/3) Vaults:3       Tomb (3/3) Crypt:3      Depths (5/5) D:15
   Hell (1/1)                 Dis (7/7) Hell            Geh (7/7) Hell
    Coc (7/7) Hell            Tar (7/7) Hell            Zot (5/5) Depths:5

Altars:
Ashenzari
Cheibriados
Dithmenos
Elyvilon
Fedhas
Kikubaaqudgha
Makhleb
Nemelex Xobeh
Okawaru
Qazlal
Ru
Sif Muna
Trog
Uskayaw
Vehumet
Wu Jian
Xom
Yredelemnul
Zin
The Shining One
Beogh
Jiyva
Lugonu

Shops:
D:8 [   D:11 [   Orc:2 (:[*   Elf:2 %   Vaults:2 =*(%:   Vaults:5 :
Depths:1 ?*

Portals:
Hell: Depths:1 Depths:2 Depths:3 Depths:4 Depths:5
Abyss: Depths:1 Depths:2 Depths:3 Depths:4 Depths:5
Pandemonium: Depths:3 Depths:5
Ziggurat: Depths:1

Annotations:
D:10 exclusion: wraith
Swamp:1 1 runed door, exclusion: door
Orc:2 exclusion: upstairs
Depths:5 exclusion: 2 doors
Coc:7 exclusion: ice statue
Tar:4 19 runed doors
Tar:7 Ereshkigal


Innate Abilities, Weirdness & Mutations

You cannot wear most types of armour.
You are very stealthy in the water. (Stealth+)
You are amphibious.
You can wear up to eight rings at the same time.
You can use your tentacles to constrict eight enemies at once.
Your skin changes colour to match your surroundings (Stealth+).
Your rubbery body absorbs attacks. (AC +1, EV +1)
You are very clumsy. (Dex -4)
Your body sometimes deteriorates upon taking damage.
You are very dopey. (Int -4)
Your magical capacity is low. (-10% MP)
You are somewhat resistant to further mutation.


Message History

There is a stone staircase leading up here.
You climb upwards.
There is a stone staircase leading down here.
(D) Dungeon (T) Temple (L) Lair (S) Swamp (N) Spider Nest (M) Slime Pits (O) Orcish Mines (E) Elven Halls (V) Vaults (C) Crypt (W) Tomb (U) Depths (H) Hell (I) Dis (G) Gehenna (X) Cocytus (Y) Tartarus (Z) Zot
Where to? (Enter - D:1 @ (x,y), ? - help)
There is a stone staircase leading up here.
You climb upwards.
There is a stone staircase leading down here.
There is a stone staircase leading up here.
You climb upwards.
There is a stone staircase leading down here.
You see here 6 curare-tipped needles.
You see here a whip.
There is a staircase leading out of the dungeon here.
Enter note: Greatplayer! 2 backgrounds and 3 gods left You have escaped!

##.##.## ##.###.#.# #.# #.#
§..##.# ###.###.#.####.# #.#
#.)...# #..............# #.#
#.§...# #.............[# #.#
.[###.###..#.......#...# #.#
...##.....###.....###..# #.#
...........#.......#..## #.#
##.###(...)...........# ##Z#####
#.##..........#@..[..# #Z......
#....###.....###(....# #.......
##....###.....>#.)....## #.......
...#....#..............# #.......
#######....#.......#...# #[......
#######...###.....###..###.......
.....Z..#..#.......#....##.....).
#########.................#.#####
..># ########..#..#....#.#


There were no monsters in sight!

Vanquished Creatures
  Gloorx Vloq (Pan)
  A seraph (Pan)
  Mnoleg (Pan)
  5 pandemonium lords (Pan)
  4 ancient liches
  The ghost of Brandom the Conqueror, a legendary DsGl of Wu Jian (Geh:7)
  3 orbs of fire (Zot:5)
  Khufu (Tomb:3)
  22 greater mummies
  5 Killer Klowns (Zot:5)
  Saint Roka (Orc:2)
  7 shard shrikes
  2 curse toes
  Jory (Crypt:1)
  13 bone dragons
  6 golden dragons
  2 pearl dragons (Pan)
  18 Tzitzimimeh
  An iron giant (Dis:5)
  15 Brimstone Fiends
  3 electric golems (Zot:5)
  10 doom hounds
  9 Ice Fiends
  10 tentacled monstrosities
  2 Hell Sentinels (Pan)
  26 Orb Guardians
  Asterion (Elf:1)
  10 liches
  4 deep elf blademasters
  4 quicksilver dragons
  8 tentacled starspawn
  36 Executioners
  9 acid blobs
  2 eldritch tentacles
  5 death cobs
  Frances (Swamp:1)
  8 ancient champions
  10 shadow dragons
  5 sphinxes
  2 thorn hunters (Swamp:4)
  3 revenants
  8 azure jellies
  10 storm dragons
  3 draconian monks
  3 tengu reavers (Vaults:5)
  18 daevas
  24 balrugs
  4 fire giants
  4 iron dragons
  6 deep elf sorcerers
  4 draconian knights
  10 black suns (Pan)
  2 draconian scorchers (Zot:5)
  6 ghost moths
  6 corrupters (Pan)
  4 frost giants
  An orc warlord (Vaults:4)
  10 cacodemons
  Louise (Elf:2)
  45 angels (Pan)
  An emperor scorpion (Spider:4)
  5 vault wardens
  2 curse skulls (Pan)
  A draconian stormcaller (Zot:5)
  5 draconian shifters
  5 deep elf elementalists
  10 draconian annihilators
  7 ghouls
  9 warmongers (Pan)
  11 war gargoyles
  62 reapers
  6 ironheart preservers
  5 blood saints
  14 stone giants
  An entropy weaver (Vaults:2)
  10 very ugly things
  2 elemental wellsprings
  31 apis (Pan)
  20 ophanim (Pan)
  5 deep elf demonologists
  3 deep elf annihilators
  4 purple draconians
  7 green draconians
  8 black draconians
  10 vampire knights
  7 dire elephants
  4 bennus
  13 red draconians
  7 yellow draconians
  9 lorocyprocas (Pan)
  3 spark wasps (Spider:4)
  9 white draconians
  2 eidola
  10 deep elf death magi
  9 green deaths
  21 blizzard demons
  6 ettins
  A merfolk javelineer (Depths:5)
  17 mummy priests
  A merfolk impaler (Depths:5)
  9 jiangshi
  14 yaktaur captains
  6 quicksilver dragon zombies
  4 fire dragons
  The ghost of Leszczynek the Grappler, a journeyman TrSk of Zin (D:12)
  2 deep elf high priests (Elf:3)
  5 rakshasas
  18 hydras
  4 monstrous demonspawn (Pan)
  27 vault guards
  8 great orbs of eyes
  6 quicksilver dragon skeletons
  2 hell beasts
  22 ice dragons
  3 naga warriors
  5 catoblepae
  3 spriggan air magi
  An anaconda (Lair:6)
  3 death knights
  11 centaur warriors
  31 two-headed ogres
  2 ghost crabs
  27 dancing weapons
  A two-headed ogre (shapeshifter) (Elf:2)
  8 ogre magi
  58 death scarabs (Tomb:3)
  3 deep troll shamans
  8 tengu warriors
  5 vampire magi
  3 orc high priests
  A deep troll earth mage (Depths:3)
  A spriggan berserker (Depths:3)
  24 hell hogs
  3 alligators
  13 thrashing horrors
  6 titan zombies
  Urug (Lair:5)
  17 deep elf knights
  40 hell knights
  52 soul eaters
  Nergalle (Lair:2)
  Sonja (D:13)
  5 storm dragon zombies
  4 titan skeletons
  An iron troll (Depths:3)
  48 sun demons
  An iron troll (shapeshifter) (Vaults:5)
  109 skeletal warriors
  20 sixfirhies
  6 unseen horrors
  5 wretched stars
  A ghost moth zombie (Coc:5)
  10 deep trolls
  6 storm dragon skeletons
  A spark wasp zombie (Hell)
  2 fire crabs (shapeshifter)
  9 shadow wraiths
  7 torturous demonspawn (Pan)
  9 flayed ghosts
  7 golden dragon zombies
  7 gelid demonspawn (Pan)
  13 infernal demonspawn
  9 spatial maelstroms
  2 spriggan druids
  2 wizards
  4 glowing orange brains
  3 deep elf archers
  25 shadow demons
  A shambling mangrove (Swamp:2)
  11 anaconda zombies
  20 cherubim (Pan)
  2 tengu zombies
  4 swamp dragons
  2 death drakes
  4 shadow dragon zombies
  6 anaconda skeletons
  27 necromancers
  67 large abominations
  2 harpies
  4 golden dragon skeletons
  28 phantasmal warriors
  A sphinx zombie (Vaults:2)
  A lindwurm (shapeshifter) (Vaults:3)
  10 orc knights
  55 deep elf magi
  4 oklob plants (Lair:6)
  20 wolf spiders
  A wolf spider (shapeshifter) (Abyss:3)
  2 orc sorcerers (Orc:2)
  4 ironbrand convokers
  2 wolf spider zombies
  An orb spider (shapeshifter) (Vaults:3)
  A mana viper (shapeshifter) (Depths:1)
  6 orb spiders
  A cyclops (shapeshifter) (Vaults:4)
  A manticore (shapeshifter) (Vaults:5)
  2 shining eyes
  3 stone giant zombies
  30 ugly things
  3 iron dragon zombies
  2 cyclopes
  18 moths of wrath
  2 manticores
  2 stone giant skeletons
  7 worldbinders
  9 elephants
  4 fire giant zombies
  A salamander (shapeshifter) (Vaults:3)
  6 frost giant zombies
  2 shock serpent zombies
  An elephant (shapeshifter) (Depths:3)
  5 dire elephant zombies
  4 iron dragon skeletons
  6 shadow dragon skeletons
  Joseph (D:8)
  5 black mambas
  A water nymph (Abyss:3)
  28 rust devils
  2 guardian serpents
  8 fire giant skeletons
  6 molten gargoyles
  4 torpor snails
  9 frost giant skeletons
  34 orange demons
  3 apocalypse crabs
  35 smoke demons
  A gargoyle (D:13)
  7 eyes of devastation
  A red draconian zombie (Crypt:1)
  2 ice statues (IceCv)
  Psyche (D:8)
  13 spectral swamp worms
  14 spiny frogs
  8 vault sentinels
  30 hellions
  4 shock serpent skeletons
  A yaktaur (shapeshifter) (Vaults:5)
  31 yaktaurs
  2 catoblepas zombies
  2 komodo dragons
  2 kobold demonologists
  35 ice devils
  4 dire elephant skeletons
  11 demonic crawlers
  3 tengu conjurers
  An anaconda simulacrum (Hell)
  16 efreet
  28 freezing wraiths
  A swamp worm zombie (Crypt:2)
  29 hellwings
  A polar bear (Depths:1)
  9 hydra zombies
  6 ancient zymes
  35 tormentors
  An iron troll zombie (Crypt:2)
  A silent spectre (Tar:5)
  35 guardian mummies
  11 trolls
  2 tengu simulacra
  5 tyrant leeches
  A queen bee (shapeshifter) (Abyss:1)
  26 red devils
  17 jumping spiders
  3 meliai (Spider:4)
  3 harpy zombies
  A queen bee (Spider:1)
  3 meliai (shapeshifter)
  A fire giant simulacrum (Abyss:3)
  2 catoblepas skeletons (Crypt:3)
  2 blink frogs (shapeshifter)
  11 ettin zombies
  9 hydra skeletons
  4 harpy skeletons
  14 hornets
  6 fire dragon zombies
  8 hippogriffs
  51 slime creatures
  2 ice dragon zombies
  5 bog bodies
  A deep troll zombie (Hell)
  18 blink frogs
  A dream sheep (Lair:2)
  2 human simulacra (Vaults:2)
  23 raiju
  10 alligator zombies
  3 alligator skeletons
  48 starcursed masses
  5 ettin skeletons
  153 flying skulls
  15 shadows
  A wyvern (shapeshifter) (Vaults:3)
  6 ice dragon skeletons
  7 fire dragon skeletons
  2 spriggans
  13 water elementals
  10 tarantellas
  A black mamba zombie (Tar:3)
  42 redbacks
  7 wyverns
  38 ynoxinuls
  10 ushabtiu
  4 fire bats
  19 humans (D:14)
  25 wraiths
  14 fire elementals
  32 small abominations
  A black mamba skeleton (Tomb:3)
  44 yaks
  2 basilisks
  18 chaos spawn
  13 golden eyes
  8 vampire mosquitoes
  3 hungry ghosts
  A steam dragon (D:8)
  A torturous demonspawn zombie (Crypt:1)
  Menkaure (D:6)
  21 neqoxecs
  6 wargs
  2 nagas (Abyss:2)
  An acid dragon (Vaults:1)
  5 insubstantial wisps
  2 merfolk zombies
  17 swamp worms
  A deep troll skeleton (Vaults:3)
  8 water moccasins
  39 hell hounds
  8 porcupines
  8 spiny frog zombies
  6 swamp drakes (Swamp:4)
  2 merfolk skeletons
  6 eyes of draining
  6 ice beasts
  4 phantoms
  41 orc warriors
  7 spiny frog skeletons
  3 swamp dragon zombies
  A manticore zombie (Tar:5)
  A black bear (D:10)
  4 snapping turtle zombies
  18 ogres
  24 necrophages
  2 sky beasts (D:11)
  10 centaurs
  8 boggarts
  3 manticore skeletons
  A dream sheep skeleton (Crypt:2)
  2 snapping turtle skeletons
  3 wolves
  2 swamp dragon skeletons
  10 crocodiles
  3 big kobolds
  A yaktaur zombie (Hell)
  An elf zombie (Elf:1)
  13 bullfrogs
  A gnoll sergeant (D:9)
  3 earth elementals
  A wyvern skeleton (D:13)
  7 scorpions
  16 killer bees
  A spriggan skeleton (Abyss:3)
  42 wights
  2 howler monkeys
  A troll skeleton (Coc:3)
  2 electric eels (Spider:1)
  9 crimson imps
  2 centaur zombies
  3 quasits
  5 human zombies
  A demonspawn zombie (Crypt:2)
  4 hounds
  3 bullfrog skeletons
  5 jellies
  20 orc wizards
  A bullfrog zombie (D:9)
  22 orc priests
  16 iron imps
  Crazy Yiuf (D:2)
  5 centaur skeletons
  Ijyb (D:4)
  A black bear skeleton (Crypt:2)
  2 human skeletons
  3 iguanas
  4 hell rats (Depths:1)
  5 worker ants
  A crocodile zombie (Crypt:1)
  An ogre zombie (Dis:5)
  An ogre skeleton (Tar:7)
  A hound skeleton (D:8)
  38 mummies
  A worker ant zombie (D:10)
  3 gnolls
  13 adders
  15 shadow imps
  27 white imps
  10 ufetubi
  An ooze (D:1)
  An adder zombie (D:7)
  8 worms
  2 dart slugs
  3 leopard geckos
  75 orcs
  6 bats
  8 giant cockroaches
  6 goblins
  7 hobgoblins
  5 jackals
  23 kobolds
  9 quokkas
  A ball python (D:1)
  10 frilled lizards
  3 jackal skeletons
  A jackal zombie (Crypt:1)
  A kobold skeleton (Tar:7)
  A quokka skeleton (D:9)
  A quokka zombie (D:6)
  3 rats
  2 briar patches (Abyss:3)
  A crawling corpse (Elf:3)
  A fire vortex (Geh:7)
  3 fungi
  9 plants
  2 starspawn tentacles (Abyss:1)
4034 creatures vanquished.

Vanquished Creatures (collateral kills)
  the Royal Jelly (Slime:5)
  A pandemonium lord (Pan)
  the Serpent of Hell (Hell)
  A juggernaut (Depths:2)
  Frederick (Depths:3)
  Bai Suzhen (Depths:2)
  Geryon (Hell)
  4 golden dragons
  2 bone dragons
  Arachne (Spider:2)
  A Tzitzimitl (Tar:4)
  2 Brimstone Fiends
  Jorgrun (Elf:3)
  An electric golem (Zot:4)
  20 tentacled monstrosities
  3 Hell Sentinels
  A deep elf blademaster (Abyss:3)
  3 liches
  2 deep elf master archers (Elf:3)
  2 titans
  14 acid blobs
  2 eldritch tentacles
  3 quicksilver dragons
  8 tentacled starspawn
  A sphinx (Vaults:5)
  An Executioner (Dis:7)
  2 death cobs
  3 thorn hunters
  2 ancient champions (Dis:7)
  8 shadow dragons
  7 tengu reavers
  13 storm dragons
  2 daevas (Pan)
  A draconian monk (Zot:2)
  Donald (Elf:2)
  2 iron dragons
  2 fire giants
  A draconian knight (Zot:1)
  2 balrugs (Pan)
  A deep elf sorcerer (Vaults:5)
  5 azure jellies
  8 ghost moths
  3 emperor scorpions
  5 cacodemons (Pan)
  6 vault wardens
  3 frost giants
  3 draconian stormcallers (Zot:2)
  2 draconian shifters
  3 draconian scorchers
  6 reapers
  A spriggan defender (Depths:2)
  6 war gargoyles
  3 draconian annihilators
  3 deep elf elementalists (Elf:3)
  10 stone giants
  8 ironheart preservers
  A blood saint (Pan)
  16 very ugly things
  2 vampire knights
  6 entropy weavers
  6 starcursed masses
  A deep elf demonologist (Vaults:1)
  6 red draconians
  2 black draconians
  5 green draconians
  7 deep elf annihilators
  4 purple draconians
  2 spark wasps (Spider:4)
  7 white draconians
  5 yellow draconians
  A lorocyproca (Depths:5)
  4 blizzard demons
  2 fire dragons
  4 crystal guardians
  3 green deaths (Pan)
  9 ettins
  A deep elf death mage (Elf:3)
  A quicksilver dragon zombie (Crypt:3)
  12 death oozes
  A jiangshi (Tar:4)
  6 ice dragons
  A deep elf high priest (Vaults:5)
  11 yaktaur captains
  6 rakshasas
  5 great orbs of eyes
  2 vault guards
  7 hydras
  A monstrous demonspawn (Pan)
  A ghost crab (Swamp:1)
  A naga warrior (Abyss:2)
  25 two-headed ogres
  4 death knights
  3 centaur warriors
  A satyr (Abyss:3)
  10 ogre magi
  3 deep troll earth magi
  4 alligators
  A deep troll shaman (Depths:2)
  2 thrashing horrors
  A death yak (shapeshifter) (Depths:5)
  7 hell hogs
  A shock serpent (shapeshifter) (Depths:4)
  4 tengu warriors
  3 sun demons (Pan)
  8 dancing weapons
  3 vampire magi
  8 soul eaters
  An iron golem (Hell)
  2 orc high priests (Vaults:4)
  7 deep elf knights
  27 skeletal warriors
  45 hell knights
  7 wretched stars (Abyss:2)
  A storm dragon zombie (Depths:3)
  3 sixfirhies
  A shadow wraith (Vaults:5)
  An anaconda zombie (Hell)
  6 deep trolls
  2 unseen horrors (Depths:1)
  4 glowing orange brains
  7 swamp dragons (Swamp:4)
  An unseen horror (shapeshifter) (Vaults:4)
  2 gelid demonspawn (Pan)
  4 deep elf archers
  3 shambling mangroves
  A wizard (Vaults:2)
  5 flayed ghosts
  4 harpies (Vaults:1)
  A phantasmal warrior (Vaults:5)
  A golden dragon zombie (Tar:4)
  A sphinx zombie (Crypt:2)
  An anaconda skeleton (Tar:4)
  11 necromancers
  A shadow dragon zombie (Geh:5)
  An iron dragon zombie (Depths:3)
  15 orb spiders
  10 ironbrand convokers
  23 wolf spiders
  An orc sorcerer (Vaults:1)
  15 deep elf magi
  A stone giant zombie (Hell)
  A wolf spider zombie (Geh:5)
  9 orc knights
  8 moths of wrath
  2 worldbinders
  4 shining eyes
  17 ugly things
  4 elephants
  A wolf spider (shapeshifter) (Depths:4)
  A fire giant skeleton (Geh:5)
  A frost giant zombie (Geh:1)
  A cyclops (Vaults:1)
  A black mamba (Lair:6)
  An ice statue (Hell)
  9 vault sentinels
  2 dire elephant zombies
  10 rust devils
  An eye of devastation (Slime:1)
  4 molten gargoyles
  4 orange demons
  3 hellions
  A torpor snail (shapeshifter) (Vaults:5)
  A torpor snail (Spider:1)
  A yaktaur zombie (Hell)
  13 smoke demons
  5 spiny frogs
  A human zombie (Vaults:2)
  12 large abominations
  A komodo dragon (shapeshifter) (Vaults:1)
  2 centaur skeletons
  2 efreet (Pan)
  5 komodo dragons
  A rime drake (Lair:6)
  19 yaktaurs
  2 hellwings
  An ice devil (Dis:7)
  4 freezing wraiths
  11 demonic crawlers
  A catoblepas zombie (Geh:1)
  15 red devils
  3 trolls
  A hydra zombie (Tar:4)
  5 tormentors
  A meliai (shapeshifter) (Depths:2)
  20 jumping spiders
  3 tyrant leeches (Swamp:1)
  10 hornets
  44 slime creatures
  9 raiju
  A minotaur skeleton (Geh:2)
  A hippogriff (Lair:6)
  3 blink frogs (Lair:6)
  An ice dragon zombie (Hell)
  3 bog bodies
  A fire giant simulacrum (Crypt:1)
  2 dream sheep (Lair:2)
  7 air elementals
  An alligator skeleton (Coc:5)
  2 spriggans
  43 redbacks
  4 wyverns
  8 flying skulls
  3 shadows
  14 tarantellas
  A tarantella (shapeshifter) (Vaults:2)
  5 wraiths
  7 ynoxinuls
  13 water elementals
  2 golden eyes (shapeshifter)
  6 golden eyes
  13 yaks
  A human (D:14)
  5 chaos spawn
  13 fire elementals
  4 vampire mosquitoes
  13 neqoxecs
  2 basilisks
  A swamp worm (Swamp:1)
  10 insubstantial wisps
  6 water moccasins
  3 spatial vortices (Abyss:3)
  An infernal demonspawn zombie (Dis:7)
  A spiny frog zombie (Coc:5)
  3 hell hounds (Geh:5)
  A sky beast (Abyss:3)
  A floating eye (shapeshifter) (Vaults:4)
  16 orc warriors
  3 porcupines
  An ice beast (D:14)
  A snapping turtle zombie (Dis:2)
  3 swamp drakes
  A phantom (Geh:2)
  2 spiny frog skeletons
  5 necrophages
  3 wolves (Lair:3)
  A swamp dragon zombie (Geh:1)
  17 ogres
  2 centaurs
  A hog skeleton (Crypt:2)
  6 crocodiles
  8 bullfrogs
  4 elf zombies (Elf:1)
  A scorpion (D:11)
  15 wights
  2 spriggan skeletons
  A howler monkey (D:14)
  4 crimson imps
  A jelly (D:13)
  2 hounds
  7 orc priests
  4 orc wizards
  9 iron imps
  A worker ant (D:14)
  2 hell rats (Depths:1)
  10 small abominations
  A gnoll (D:9)
  2 shadow imps (Tar:4)
  2 white imps
  An ufetubus (Abyss:2)
  A dart slug (D:1)
  12 orcs
  A frilled lizard (D:3)
  An orc skeleton (Tar:4)
  2 butterflies (Lair:6)
  2 crawling corpses
  5 fungi
  14 plants
  7 starspawn tentacles
1322 creatures vanquished.

Vanquished Creatures (others)
  2 eldritch tentacles
  A draconian scorcher (Zot:3)
  A fire giant (Depths:3)
  A draconian knight (Zot:1)
  A blood saint (Pan)
  3 green deaths (Pan)
  A fire dragon (Depths:2)
  A rakshasa (Pan)
  A quicksilver dragon skeleton (Tomb:2)
  4 hell hogs
  5 death scarabs (Tomb:3)
  2 skeletal warriors (Tomb:2)
  An anaconda zombie (Abyss:1)
  A gelid demonspawn (Pan)
  A glowing orange brain (Pan)
  A wolf spider (Spider:2)
  A spiny frog (Swamp:1)
  A hellion (Geh:7)
  A demonic crawler (Pan)
  A jumping spider (shapeshifter) (Depths:2)
  A hydra zombie (Tomb:2)
  A harpy zombie (Geh:7)
  2 small abominations
  2 wraiths
  2 water elementals (Coc:7)
  A redback (Vaults:3)
  11 flying skulls
  A ynoxinul (Pan)
  A chaos spawn (Pan)
  An eye of draining (Pan)
  A bullfrog (Lair:1)
  An iron imp (Abyss:3)
  6 mummies
  7 white imps
  4 ufetubi (IceCv)
  5 ball lightnings (Pan)
  A briar patch (Swamp:4)
  9 fungi (Lair:6)
  2 lurking horrors
  13 plants
  32 starspawn tentacles
135 creatures vanquished.

Grand Total: 5491 creatures vanquished

Notes
Turn   | Place    | Note
-------+----------+-------------------------------------------
     0 | D:1      | NormalPerson7 the Octopode Necromancer began the quest for the Orb.
     0 | D:1      | Reached XP level 1. HP: 11/11 MP: 3/3
   139 | D:1      | Learned a level 1 spell: Animate Skeleton
   577 | D:1      | Reached XP level 2. HP: 14/17 MP: 0/5
   897 | D:1      | Reached XP level 3. HP: 14/21 MP: 1/6
  1278 | D:1      | Learned a level 3 spell: Vampiric Draining
  1741 | D:2      | Reached skill level 5 in Necromancy
  1741 | D:2      | Reached XP level 4. HP: 20/27 MP: 0/8
  1922 | D:2      | Found a runed door.
  1978 | D:2      | Noticed Crazy Yiuf
  1992 | D:2      | Killed Crazy Yiuf
  2494 | D:3      | Found a faded altar of an unknown god.
  2683 | D:3      | Reached XP level 5. HP: 22/31 MP: 3/9
  3306 | D:3      | Reached XP level 6. HP: 33/36 MP: 2/11
  3398 | D:3      | Learned a level 4 spell: Animate Dead
  3572 | D:4      | Noticed Ijyb
  3585 | D:4      | Killed Ijyb
  4166 | D:4      | Reached skill level 1 in Shields
  4460 | D:4      | You fall through a shaft for 3 floors!
  4499 | D:7      | Reached XP level 7. HP: 32/41 MP: 8/12
  4673 | D:6      | Found a deep blue altar of Sif Muna.
  4959 | D:6      | Learned a level 5 spell: Borgnjor's Vile Clutch
  5064 | D:5      | Entered Level 5 of the Dungeon
  5089 | D:5      | Reached XP level 8. HP: 14/46 MP: 0/14
  5366 | D:5      | Reached skill level 1 in Earth Magic
  5547 | D:5      | Found a staircase to the Ecumenical Temple.
  5625 | Temple   | Entered the Ecumenical Temple
  5644 | Temple   | Became a worshipper of Kikubaaqudgha
  6383 | D:4      | Found a stormy altar of Qazlal.
  6537 | D:6      | Noticed Menkaure
  6583 | D:6      | Reached skill level 1 in Fighting
  6838 | D:6      | Killed Menkaure
  7634 | D:7      | Reached XP level 9. HP: 50/52 MP: 9/15
  7802 | D:7      | Found a sacrificial altar of Ru.
  7805 | D:7      | Reached * piety under Kikubaaqudgha
  7805 | D:7      | Identified Kikubaaqudgha's Grimoire of Darkness (Kikubaaqudgha gifted it to you on level 7 of the Dungeon)
  7805 | D:7      | Received a gift from Kikubaaqudgha
  8079 | D:8      | Noticed Psyche
  8087 | D:8      | Killed Psyche
  8229 | D:8      | Noticed a troll
  8254 | D:8      | Killed a troll
  8521 | D:8      | Found Enulic's Armour Emporium.
  9482 | D:8      | Reached skill level 5 in Earth Magic
  9704 | D:8      | Found a staircase to the Lair.
  9752 | D:8      | Reached XP level 10. HP: 61/62 MP: 16/16
  9781 | D:8      | Noticed Joseph
  9791 | D:8      | Reached skill level 10 in Necromancy
  9799 | D:8      | Killed Joseph
 10092 | D:9      | Reached skill level 5 in Fighting
 10537 | D:9      | Reached ** piety under Kikubaaqudgha
 11282 | D:10     | Entered Level 10 of the Dungeon
 11358 | D:10     | Reached skill level 1 in Evocations
 11403 | D:10     | Reached skill level 5 in Spellcasting
 12127 | D:10     | Learned a level 1 spell: Magic Dart
 12130 | D:10     | Learned a level 2 spell: Blink
 12179 | D:10     | Found a staircase to the Orcish Mines.
 12317 | D:10     | Found a sacrificial altar of Ru.
 12336 | D:10     | Reached skill level 5 in Dodging
 12423 | D:10     | Reached XP level 11. HP: 70/71 MP: 3/19
 12845 | D:11     | Noticed a two-headed ogre
 12852 | D:11     | Killed a two-headed ogre
 12922 | D:11     | Noticed a two-headed ogre
 12940 | D:11     | Killed a two-headed ogre
 12982 | D:11     | Reached *** piety under Kikubaaqudgha
 12982 | D:11     | Identified Kikubaaqudgha's Disquisition on Sinister Magic (Kikubaaqudgha gifted it to you on level 11 of the Dungeon)
 12982 | D:11     | Received a gift from Kikubaaqudgha
 13186 | D:11     | Noticed a cyclops
 13195 | D:11     | Killed a cyclops
 13209 | D:11     | Noticed a white ugly thing
 13254 | D:11     | Killed a white ugly thing
 13322 | D:11     | Got a crystal rapier
 13323 | D:11     | Identified the +4 rapier of Zaila {pierce, rPois MR- Dex+4 SInv} (You found it on level 11 of the Dungeon)
 14337 | D:11     | Reached skill level 5 in Evocations
 14715 | D:11     | Found Zourrayl's Antique Armour Emporium.
 15114 | Lair:1   | Entered Level 1 of the Lair of Beasts
 15193 | Lair:1   | Reached XP level 12. HP: 80/80 MP: 12/23
 15713 | Lair:1   | Reached **** piety under Kikubaaqudgha
 15814 | Lair:1   | Learned a level 3 spell: Regeneration
 15914 | Lair:1   | Noticed a five-headed hydra
 15935 | Lair:1   | Killed a five-headed hydra
 16630 | Lair:2   | Identified a scroll of acquirement
 16634 | Lair:2   | Got a heavily runed tin ring
 16635 | Lair:2   | Identified the ring "Heiz" {rC+ AC+4} (You acquired it on level 2 of the Lair of Beasts)
 16643 | Lair:2   | Noticed a catoblepas
 16668 | Lair:2   | Killed a catoblepas
 16749 | Lair:2   | Noticed a four-headed hydra
 16765 | Lair:2   | Killed a four-headed hydra
 16948 | Lair:2   | Noticed Nergalle
 16968 | Lair:2   | Killed Nergalle
 17052 | Lair:2   | Got a pitted quarterstaff
 17611 | Lair:2   | Noticed a six-headed hydra
 17618 | Lair:2   | Killed a six-headed hydra
 17673 | Lair:2   | Found a hole to the Spider Nest.
 17911 | Lair:3   | Noticed a catoblepas
 17934 | Lair:3   | Killed a catoblepas
 18154 | Lair:3   | Reached XP level 13. HP: 87/88 MP: 26/26
 18513 | Lair:3   | Reached skill level 10 in Spellcasting
 18543 | Lair:3   | Identified the +8 quarterstaff "Ryfiazij" {crush, Str+2} (You found it on level 2 of the Lair of Beasts)
 19145 | Lair:4   | Reached ***** piety under Kikubaaqudgha
 19307 | Lair:4   | Reached skill level 1 in Translocations
 19519 | Lair:4   | Found a staircase to the Swamp.
 20197 | Lair:5   | Noticed Urug
 20205 | Lair:5   | Killed Urug
 20760 | Lair:5   | Reached skill level 10 in Dodging
 20938 | Lair:5   | Reached skill level 10 in Fighting
 21915 | Lair:6   | Entered Level 6 of the Lair of Beasts
 22176 | Lair:6   | Learned a level 6 spell: Death Channel
 22331 | Lair:6   | Reached XP level 14. HP: 87/98 MP: 17/28
 22692 | Lair:6   | Found a staircase to the Slime Pits.
 22693 | Lair:6   | Found a viscous altar of Jiyva.
 23027 | Lair:6   | Reached ****** piety under Kikubaaqudgha
 23583 | Lair:6   | Noticed a dire elephant
 23583 | Lair:6   | Noticed a dire elephant
 23601 | Lair:6   | Killed a dire elephant
 23604 | Lair:6   | Noticed a dire elephant
 23615 | Lair:6   | Killed a dire elephant
 23656 | Lair:6   | Killed a dire elephant
 23842 | Lair:6   | Noticed a dire elephant
 23846 | Lair:6   | Noticed a dire elephant
 23865 | Lair:6   | Killed a dire elephant
 23873 | Lair:6   | Killed a dire elephant
 24037 | Lair:6   | Noticed a dire elephant
 24048 | Lair:6   | Killed a dire elephant
 24380 | D:12     | Found a burning altar of Makhleb.
 24525 | D:12     | Learned a level 5 spell: Dispel Undead
 24565 | D:12     | Noticed Leszczynek's ghost (journeyman TrSk)
 24572 | D:12     | Killed Leszczynek's ghost
 25850 | D:13     | Found a transporter.
 25855 | D:13     | Found the +3 crown of Dyrovepreva {rElec Int+2 SInv}
 26273 | D:13     | Reached XP level 15. HP: 94/108 MP: 28/29
 26386 | D:13     | Noticed Sonja
 26392 | D:13     | Killed Sonja
 27926 | D:14     | Found a gate to the Vaults.
 28554 | D:14     | Upgraded the game from 0.21-a0-641-geef9d7f to 0.22-a0
 28661 | Orc:1    | Entered Level 1 of the Orcish Mines
 29123 | Orc:1    | Found a frozen archway.
 29256 | IceCv    | Entered an ice cave
 30682 | IceCv    | Learned a level 5 spell: Bolt of Draining
 31042 | Orc:2    | Entered Level 2 of the Orcish Mines
 31300 | Orc:2    | Reached skill level 1 in Conjurations
 32685 | Orc:2    | Noticed Saint Roka
 32709 | Orc:2    | Killed Saint Roka
 32846 | Orc:2    | Found a roughly hewn altar of Beogh.
 32946 | Orc:2    | Found Ynkoh's Antique Weapon Emporium.
 32977 | Orc:2    | Found Ucuat's Antique Armour Emporium.
 32992 | Orc:2    | Found Ittesaoq's General Store.
 33002 | Orc:2    | Bought a scroll of teleportation for 45 gold pieces
 33011 | Orc:2    | Found Raar's Book Emporium.
 33326 | Orc:2    | Found a staircase to the Elven Halls.
 33686 | D:15     | Entered Level 15 of the Dungeon
 33699 | D:15     | Reached XP level 16. HP: 89/116 MP: 26/31
 33961 | D:15     | Received a gift from Kikubaaqudgha
 33977 | D:15     | Found a staircase to the Depths.
 35306 | Orc:2    | Bought a scroll of identify for 30 gold pieces
 35306 | Orc:2    | Bought a scroll of identify for 30 gold pieces
 35698 | Swamp:1  | Entered Level 1 of the Swamp
 35955 | Swamp:1  | Reached skill level 1 in Polearms
 36193 | Swamp:1  | Found a runed door.
 36549 | Swamp:1  | Noticed Frances
 36581 | Swamp:1  | Killed Frances
 39430 | Swamp:4  | Entered Level 4 of the Swamp
 40073 | Swamp:2  | Learned a level 7 spell: Haunt
 40391 | Swamp:4  | Reached skill level 1 in Summonings
 40745 | Swamp:4  | Reached XP level 17. HP: 124/124 MP: 30/33
 40841 | Swamp:4  | Reached skill level 5 in Polearms
 41207 | Swamp:4  | Reached skill level 5 in Summonings
 41223 | Swamp:4  | Got a decaying rune of Zot
 41779 | Spider:1 | Entered Level 1 of the Spider Nest
 43996 | Spider:2 | Noticed Arachne
 44427 | D:13     | Found a transporter.
 44427 | D:13     | Found a transporter.
 44427 | D:13     | Found a transporter.
 44427 | D:13     | Found a transporter.
 44437 | D:13     | Found a transporter.
 44915 | D:13     | Got an ancient iron amulet
 44916 | D:13     | Identified the amulet of Seucwexi {Harm *Drain rC- MR+ Int+2} (You found it on level 13 of the Dungeon)
 45533 | Elf:1    | Entered Level 1 of the Elven Halls
 46331 | Spider:2 | Killed Arachne
 47161 | Spider:3 | Found the +3 warlock's mirror {reflect}
 47237 | Spider:3 | Reached XP level 18. HP: 130/130 MP: 28/34
 48345 | Spider:4 | Entered Level 4 of the Spider Nest
 49383 | Spider:4 | Reached skill level 10 in Summonings
 49463 | Spider:4 | Reached skill level 15 in Necromancy
 49579 | Spider:4 | Got a gossamer rune of Zot
 50299 | Vaults:1 | Entered Level 1 of the Vaults
 50616 | Vaults:1 | Reached skill level 15 in Fighting
 50848 | Vaults:1 | Got a smoking pewter amulet
 51951 | Vaults:1 | Reached XP level 19. HP: 138/138 MP: 26/35
 51969 | Vaults:1 | Identified the amulet of Lail {RegenMP rN+ Str-4 Int+3} (You acquired it on level 1 of the Vaults)
 53218 | Vaults:2 | Found Wooh's Book Boutique.
 53998 | Vaults:2 | Found Zill's General Store.
 54009 | Vaults:2 | Bought a potion of haste for 160 gold pieces
 54042 | Vaults:2 | Found Dotaepid's Jewellery Shoppe.
 54048 | Vaults:2 | Bought the ring of Upnoer {rF+ rC+} for 624 gold pieces
 54075 | Vaults:2 | Found Qepimem's Food Boutique.
 54075 | Vaults:2 | Found Kibun's Antique Weapon Shoppe.
 55646 | Vaults:3 | Reached skill level 15 in Dodging
 55861 | Vaults:3 | Noticed a bone dragon
 55872 | Vaults:3 | Killed a bone dragon
 55872 | Vaults:3 | Reached XP level 20. HP: 145/146 MP: 32/37
 56182 | Vaults:3 | Found a staircase to the Crypt.
 56185 | Vaults:3 | Found the +2 pair of boots of the Assassin {Detection Stab+ Stlth++}
 58601 | Vaults:4 | Noticed a Tzitzimitl
 58681 | Vaults:4 | Reached skill level 15 in Spellcasting
 59494 | Swamp:2  | Learned a level 8 spell: Infestation
 60010 | Elf:1    | Noticed Asterion
 60026 | Elf:1    | Killed Asterion
 60028 | Elf:1    | Reached XP level 21. HP: 110/152 MP: 4/40
 60782 | Elf:1    | Identified the Disquisition on Sinister Arts
 60855 | Elf:2    | Found Zocetso's Food Shop.
 61266 | Elf:2    | Noticed Donald
 61273 | Elf:2    | Killed Donald
 61285 | Elf:2    | Found a huge runed gate.
 61285 | Elf:2    | Found a huge runed gate.
 61285 | Elf:2    | Found a huge runed gate.
 61285 | Elf:2    | Found a huge runed gate.
 61285 | Elf:2    | Found a huge runed gate.
 61453 | Elf:3    | Entered Level 3 of the Elven Halls
 61461 | Elf:3    | Noticed Jorgrun
 61886 | Elf:3    | Killed Jorgrun
 62092 | Elf:3    | Found a portal to a secret trove of treasure.
 64375 | Elf:3    | Got a coiled amber ring
 64377 | Elf:3    | Identified the ring "Cicafent" {EV+3 Str+7 Dex+6} (You took it off a deep elf demonologist on level 3 of the Elven Halls)
 64814 | Elf:3    | Identified the amulet of the Louse {Faith *Drain rPois rC+ SInv} (You took it off a deep elf knight on level 3 of the Elven Halls)
 65373 | Crypt:1  | Entered Level 1 of the Crypt
 66153 | Crypt:1  | Reached XP level 22. HP: 159/159 MP: 25/41
 66348 | Crypt:1  | Noticed Jory
 66354 | Crypt:1  | Killed Jory
 67528 | Crypt:3  | Entered Level 3 of the Crypt
 67917 | Crypt:3  | Found a staircase to the Tomb.
 68817 | Crypt:3  | Noticed an ancient lich
 68827 | Crypt:3  | Killed an ancient lich
 68868 | Crypt:3  | Found a basalt altar of Yredelemnul.
 70463 | Swamp:2  | Learned a level 8 spell: Necromutation
 70874 | Depths:1 | Entered Level 1 of the Depths
 70885 | Depths:1 | Found a gateway to a ziggurat.
 70922 | Depths:1 | Reached skill level 1 in Transmutations
 71023 | Depths:1 | Found Gevisid's General Store.
 71024 | Depths:1 | Found Addiule's Magic Scroll Shop.
 71071 | Depths:1 | Found a flickering gateway to a bazaar.
 71108 | Bazaar   | Entered a bazaar
 71112 | Bazaar   | Found Woariof Idyrph's Jewellery Boutique.
 71130 | Bazaar   | Found Bom Hyhif's Antique Weapon Emporium.
 71147 | Bazaar   | Found Cuyrisuk's Book Boutique.
 71164 | Bazaar   | Found Meinal's Antique Armour Shoppe.
 71216 | Bazaar   | Bought the Disquisition on Igneous Transformation for 1080 gold pieces
 71406 | Depths:1 | Found a gateway to Hell.
 71546 | Depths:1 | Found a one-way gate to the infinite horrors of the Abyss.
 71974 | Depths:2 | Reached skill level 5 in Shields
 71975 | Depths:2 | Reached XP level 23. HP: 157/168 MP: 4/44
 72243 | Depths:2 | Reached skill level 5 in Transmutations
 72244 | Depths:2 | Noticed Bai Suzhen
 72267 | Depths:2 | Killed Bai Suzhen
 72809 | Depths:2 | Found a corrupted altar of Lugonu.
 73662 | Depths:3 | Gained mutation: You are clumsy. (Dex -2) [a neqoxec]
 73736 | Depths:3 | Found a one-way gate leading to the halls of Pandemonium.
 73821 | Depths:3 | Noticed a juggernaut
 74000 | Depths:2 | Killed a juggernaut
 74284 | Depths:3 | Noticed a golden dragon
 74295 | Depths:3 | Killed a golden dragon
 74298 | Depths:3 | Noticed a golden dragon
 74306 | Depths:3 | Killed a golden dragon
 74718 | Depths:3 | Identified the Disquisition on Air and Orientation
 75032 | Depths:4 | Noticed Frederick
 75044 | Depths:3 | Killed Frederick
 75354 | Depths:4 | Identified the amulet of the Endless Souls {Faith MR++} (You found it on level 4 of the Depths)
 75389 | Depths:4 | Reached skill level 10 in Earth Magic
 76438 | Depths:5 | Entered Level 5 of the Depths
 76893 | Depths:5 | Reached skill level 10 in Transmutations
 76894 | Depths:5 | Reached XP level 24. HP: 121/174 MP: 10/44
 77487 | Depths:5 | Found a gate to the Realm of Zot.
 78156 | Slime:1  | Entered Level 1 of the Pits of Slime
 79314 | Slime:5  | Entered Level 5 of the Pits of Slime
 79383 | Slime:5  | Noticed the Royal Jelly
 79396 | Slime:5  | Killed the Royal Jelly
 79899 | Slime:5  | Found the +4 skin of Zhor {rC+++}
 80181 | Slime:5  | Got a brightly glowing glass ring
 80183 | Slime:5  | Identified the ring "Ywaegu" {+Fly Str+4 Dex+3 Slay+2} (You found it on level 5 of the Pits of Slime)
 80232 | Slime:5  | Identified the amulet of the Mantidfly {+Rage Int+5} (You found it on level 5 of the Pits of Slime)
 80275 | Slime:5  | Got a slimy rune of Zot
 81228 | Zot:1    | Entered Level 1 of the Realm of Zot
 82543 | Zot:1    | Reached skill level 10 in Shields
 82807 | Zot:1    | Reached skill level 5 in Translocations
 82973 | Zot:1    | Upgraded the game from 0.22-a0 to 0.22-a0-3-g4fa69d9
 83098 | Zot:2    | Reached XP level 25. HP: 88/183 MP: 11/44
 83508 | Zot:2    | Reached skill level 5 in Conjurations
 87934 | Elf:3    | Learned a level 7 spell: Orb of Destruction
 88050 | Elf:1    | Learned a level 2 spell: Sublimation of Blood
 88310 | Depths:1 | Voluntarily entered the Abyss.
 89016 | Abyss:2  | Found a shimmering altar of Xom.
 89386 | Abyss:2  | Paralysed by accursed screaming for 1 turns
 89402 | Abyss:2  | Found a corrupted altar of Lugonu.
 89561 | Depths:1 | Escaped the Abyss
 90334 | Vaults:2 | Bought a book of Fire for 1040 gold pieces
 90341 | Vaults:2 | Learned a level 6 spell: Bolt of Fire
 90531 | Hell     | Entered the Vestibule of Hell
 90531 | Hell     | Noticed Geryon
 90737 | Depths:1 | Reached skill level 1 in Fire Magic
 91381 | Hell     | Reached XP level 26. HP: 153/189 MP: 31/45
 91386 | Hell     | Found a gateway to the freezing wastes of Cocytus.
 91570 | Hell     | Killed Geryon
 92192 | Hell     | Reached skill level 10 in Conjurations
 92242 | Hell     | Found a gateway to the ashen valley of Gehenna.
 92316 | Hell     | Found a gateway to the Iron City of Dis.
 92563 | Hell     | Found a gateway to the decaying netherworld of Tartarus.
 94025 | Slime:3  | Reached skill level 5 in Fire Magic
 95448 | Zot:5    | Entered Level 5 of the Realm of Zot
 95473 | Zot:4    | Reached skill level 1 in Unarmed Combat
 95935 | Depths:5 | Voluntarily entered the Abyss.
 95996 | Abyss:1  | Found a deep blue altar of Sif Muna.
 96006 | Abyss:2  | Found a corrupted altar of Lugonu.
 96105 | Abyss:3  | Found a corrupted altar of Lugonu.
 96328 | Abyss:3  | Found a bloodstained altar of Trog.
 96634 | Abyss:3  | Reached skill level 5 in Unarmed Combat
 96860 | Depths:5 | Escaped the Abyss
 98055 | Depths:3 | Learned a level 6 spell: Statue Form
 98109 | Depths:3 | Voluntarily entered the Abyss.
 98118 | Abyss:1  | Found a corrupted altar of Lugonu.
 98328 | Abyss:1  | Gained mutation: Your muscles are strong. (Str +2) [a neqoxec]
 98890 | Abyss:1  | Reached skill level 10 in Unarmed Combat
 98900 | Depths:3 | Escaped the Abyss
 98901 | Depths:3 | Upgraded the game from 0.22-a0-3-g4fa69d9 to 0.22-a0-21-g9421e3f
 99411 | Elf:2    | Reached XP level 27. HP: 166/195 MP: 33/45
 99431 | Elf:2    | Noticed Louise
 99440 | Elf:2    | Killed Louise
100261 | Depths:3 | Learned a level 1 spell: Apportation
100312 | Depths:3 | Voluntarily entered the Abyss.
100566 | Abyss:2  | Found a corrupted altar of Lugonu.
100837 | Abyss:3  | Got an abyssal rune of Zot
101216 | Depths:3 | Escaped the Abyss
101288 | Depths:3 | Voluntarily entered the Abyss.
101703 | Abyss:2  | Found a corrupted altar of Lugonu.
101795 | Depths:3 | Escaped the Abyss
101839 | Depths:3 | Voluntarily entered the Abyss.
102048 | Abyss:1  | Found a corrupted altar of Lugonu.
102057 | Abyss:1  | Got an ivory short sword
102058 | Abyss:1  | Identified the +5 short sword of the Hierophant {drain, MR+ MP+9} (You found it on level 1 of the Abyss)
102488 | Abyss:1  | Found a corrupted altar of Lugonu.
102493 | Depths:3 | Escaped the Abyss
103649 | Vaults:5 | Entered Level 5 of the Vaults
103876 | Vaults:5 | Reached skill level 15 in Unarmed Combat
104057 | Vaults:5 | Got a fine scimitar
104058 | Vaults:5 | Identified the cursed +2 scimitar of the Morning {slice, +Inv Int-4 SInv Stlth+} (You found it on level 5 of the Vaults)
104558 | Vaults:5 | Identified the Guide on Bewitchment
104569 | Vaults:5 | Identified Muzitiont's Guide on the Harmful Rocks
104599 | Vaults:5 | Got a silver rune of Zot
104774 | Vaults:5 | Identified the ring "Ecranas" {*Tele rPois} (You took it off a vault sentinel on level 5 of the Vaults)
104814 | Vaults:5 | Identified the ring of Cossaej {Wiz SInv} (You took it off a yaktaur captain on level 5 of the Vaults)
104904 | Vaults:5 | Found Unwucono's Book Boutique.
105653 | Vaults:2 | Upgraded the game from 0.22-a0-21-g9421e3f to 0.22-a0-32-ga749362
105706 | Vaults:2 | Bought a potion of mutation for 128 gold pieces
105706 | Vaults:2 | Bought a scroll of amnesia for 56 gold pieces
107044 | Depths:1 | Bought a scroll of fog for 26 gold pieces
107044 | Depths:1 | Bought a scroll of blinking for 97 gold pieces
107044 | Depths:1 | Bought a scroll of fog for 26 gold pieces
107050 | Depths:1 | Bought a potion of curing for 39 gold pieces
107104 | Pan      | Entered Pandemonium
107552 | Pan      | Found a huge runed gate.
108084 | Pan      | Found a runed door.
108097 | Pan      | Found a runed door.
108115 | Pan      | Found a runed door.
108204 | Pan      | Found a runed door.
108207 | Pan      | Noticed Ucyr the pandemonium lord
108216 | Pan      | Killed Ucyr the pandemonium lord
108220 | Pan      | Got a demonic rune of Zot
108749 | Pan      | Noticed Guomye the pandemonium lord
108759 | Pan      | Killed Guomye the pandemonium lord
108759 | Pan      | Reached skill level 15 in Shields
109256 | Pan      | Noticed Lemum the pandemonium lord
109264 | Pan      | Killed Lemum the pandemonium lord
109777 | Pan      | Entered the realm of Mnoleg.
109780 | Pan      | Gained mutation: You do not regenerate when monsters are visible. [a cacodemon]
109787 | Pan      | Gained mutation: You are robust. (+10% HP) [a shining eye]
109820 | Pan      | Noticed Mnoleg
109837 | Pan      | Gained mutation: Your spells are a little harder to cast, but a little more powerful. [a cacodemon]
109839 | Pan      | Killed Mnoleg
109844 | Pan      | Lost mutation: Your muscles are strong. (Str +2) [a cacodemon]
110099 | Pan      | Identified the Tome of Shape Shifting
110123 | Pan      | Got a glowing rune of Zot
110251 | Pan      | Gained mutation: You tend to lose your temper in combat. [a cacodemon]
110296 | Pan      | Found an exit through the horrors of the Abyss.
110303 | Pan      | Took an exit into the Abyss.
110303 | Abyss:1  | Escaped into the Abyss
110304 | Abyss:1  | Lost mutation: Your spells are a little harder to cast, but a little more powerful. [potion of mutation]
110304 | Abyss:1  | Lost mutation: You are robust. (+10% HP) [potion of mutation]
110304 | Abyss:1  | Lost mutation: You tend to lose your temper in combat. [potion of mutation]
110304 | Abyss:1  | Lost mutation: You do not regenerate when monsters are visible. [potion of mutation]
110304 | Abyss:1  | Gained mutation: Your mind is acute. (Int +2) [potion of mutation]
110304 | Abyss:1  | Gained mutation: You are robust. (+10% HP) [potion of mutation]
110339 | Depths:3 | Escaped the Abyss
110393 | Depths:1 | Bought a scroll of identify for 26 gold pieces
110393 | Depths:1 | Bought a scroll of identify for 26 gold pieces
110393 | Depths:1 | Bought a scroll of identify for 26 gold pieces
110393 | Depths:1 | Bought a scroll of identify for 26 gold pieces
110695 | Elf:3    | You paid a toll of 21 scrolls of identify to enter a treasure trove
110696 | Trove    | Entered a treasure trove
111075 | Pan      | Entered Pandemonium
111576 | Pan      | Reached skill level 15 in Earth Magic
111627 | Pan      | Found an exit through the horrors of the Abyss.
112245 | Pan      | Entered the realm of Gloorx Vloq.
112245 | Pan      | Noticed Gloorx Vloq
112535 | Pan      | Found an exit through the horrors of the Abyss.
112925 | Pan      | Killed Gloorx Vloq
112968 | Pan      | Got a dark rune of Zot
113461 | Pan      | Lost mutation: You are robust. (+10% HP) [a cacodemon]
113572 | Depths:3 | Escaped Pandemonium
113575 | Pan      | Entered Pandemonium
113724 | Pan      | Gained mutation: Your spells are a little easier to cast, but a little less powerful. [a neqoxec]
113738 | Pan      | Lost mutation: Your mind is acute. (Int +2) [potion of mutation]
113738 | Pan      | Lost mutation: You are clumsy. (Dex -2) [potion of mutation]
113738 | Pan      | Lost mutation: Your spells are a little easier to cast, but a little less powerful. [potion of mutation]
113738 | Pan      | Gained mutation: You are dopey. (Int -2) [potion of mutation]
113738 | Pan      | Gained mutation: Your system is resistant to poisons. (rPois) [potion of mutation]
114123 | Pan      | Learned a level 4 spell: Passage of Golubria
114429 | Pan      | Identified the amulet of Royalty {Harm *Drain rC+} (You acquired it in Pandemonium)
114460 | Pan      | Noticed Kamotati the pandemonium lord
114474 | Pan      | Killed Kamotati the pandemonium lord
114688 | Pan      | Gained mutation: You are clumsy. (Dex -2) [a neqoxec]
114715 | Pan      | Noticed Ezxutaopp the pandemonium lord
114733 | Pan      | Killed Ezxutaopp the pandemonium lord
115032 | Pan      | Found a runed door.
115159 | Pan      | Noticed Wuchuwi the pandemonium lord
115166 | Pan      | Cast into level 4 of the Abyss (Wuchuwi)
115275 | Pan      | Escaped the Abyss
115290 | Pan      | Killed Wuchuwi the pandemonium lord
115736 | Pan      | Reached skill level 10 in Evocations
116460 | Pan      | Found a glowing silver altar of Zin.
117012 | Pan      | Found a white marble altar of Elyvilon.
118166 | Pan      | Noticed a seraph
118183 | Pan      | Killed a seraph
118679 | Pan      | Found a glowing golden altar of the Shining One.
118708 | Depths:3 | Escaped Pandemonium
118780 | Pan      | Entered the realm of Lom Lobon.
118780 | Pan      | Entered Pandemonium
119758 | Pan      | Noticed Lom Lobon
119763 | Pan      | Got a magical rune of Zot
119859 | Pan      | Entered the realm of Cerebov.
119870 | Pan      | Found an exit through the horrors of the Abyss.
120452 | Pan      | Identified Mocucleu's Catalogue of Freezing Weightlessness
120790 | Pan      | Learned a level 9 spell: Shatter
120834 | Pan      | Identified the ring of Roer {rElec Int+4} (You found it in Pandemonium)
120838 | Pan      | Identified the ring "Soskalyn" {*Drain rElec MR+ Int+2 Slay+3} (You found it in Pandemonium)
120918 | Pan      | Identified Gaikhlear's Handbook of Hurtful Shape Shifting
121405 | Pan      | Got a fiery rune of Zot
121508 | Pan      | Identified the amulet of Pypuenka {rN+ Regen+ Str+3} (You took it off an efreet in Pandemonium)
121517 | Pan      | Identified the +6 halberd of the Doomed Warrior {flame, rPois} (You took it off an efreet in Pandemonium)
121523 | Depths:3 | Escaped Pandemonium
121593 | Geh:1    | Entered Level 1 of Gehenna
122860 | Geh:7    | Entered Level 7 of Gehenna
123212 | Geh:7    | Noticed Brandom's ghost (legendary DsGl)
123249 | Geh:7    | Killed Brandom's ghost
123408 | Geh:7    | Got an obsidian rune of Zot
123642 | Tar:1    | Entered Level 1 of Tartarus
123718 | Dis:1    | Entered Level 1 of the Iron City of Dis
125258 | Dis:7    | Entered Level 7 of the Iron City of Dis
125460 | Dis:7    | Reached skill level 15 in Evocations
125472 | Dis:7    | Gained mutation: You are very dopey. (Int -4) [a cacodemon]
125566 | Dis:7    | Got an iron rune of Zot
126055 | Tar:4    | Found a huge runed gate.
126060 | Tar:4    | Found a huge runed gate.
126060 | Tar:4    | Found a huge runed gate.
126060 | Tar:4    | Found a huge runed gate.
126063 | Tar:4    | Found a huge runed gate.
126063 | Tar:4    | Found a huge runed gate.
126063 | Tar:4    | Found a huge runed gate.
126064 | Tar:4    | Found a huge runed gate.
126064 | Tar:4    | Found a huge runed gate.
126065 | Tar:4    | Found a huge runed gate.
126074 | Tar:4    | Found a huge runed gate.
126074 | Tar:4    | Found a huge runed gate.
126074 | Tar:4    | Found a huge runed gate.
126074 | Tar:4    | Found a huge runed gate.
126074 | Tar:4    | Found a huge runed gate.
126074 | Tar:4    | Found a huge runed gate.
126075 | Tar:4    | Found a huge runed gate.
126076 | Tar:4    | Found a huge runed gate.
126077 | Tar:4    | Found a huge runed gate.
126939 | Tar:7    | Entered Level 7 of Tartarus
127660 | Tar:7    | Noticed Ereshkigal
127664 | Tar:7    | Got a bone rune of Zot
128473 | Coc:1    | Entered Level 1 of Cocytus
129286 | Coc:7    | Entered Level 7 of Cocytus
129638 | Coc:7    | Got an icy rune of Zot
129650 | Coc:7    | Noticed the Serpent of Hell
129693 | Hell     | Killed the Serpent of Hell
130164 | Tomb:1   | Entered Level 1 of the Tomb of the Ancients
130633 | Tomb:1   | Noticed a greater mummy
130640 | Tomb:1   | Killed a greater mummy
131295 | Tomb:1   | Noticed a greater mummy
131306 | Tomb:1   | Noticed a greater mummy
131307 | Tomb:1   | Noticed a greater mummy
131312 | Crypt:3  | Killed a greater mummy
131438 | Tomb:1   | Killed a greater mummy
131439 | Tomb:1   | Noticed a greater mummy
131444 | Crypt:3  | Killed a greater mummy
131479 | Tomb:1   | Noticed a greater mummy
131479 | Tomb:1   | Killed a greater mummy
131516 | Tomb:1   | Killed a greater mummy
131630 | Tomb:1   | Noticed a greater mummy
131639 | Tomb:1   | Killed a greater mummy
131679 | Tomb:1   | Noticed a greater mummy
131701 | Tomb:1   | Killed a greater mummy
131760 | Tomb:1   | Noticed a greater mummy
131760 | Tomb:1   | Noticed a greater mummy
131765 | Tomb:1   | Noticed a greater mummy
131766 | Tomb:1   | Noticed a greater mummy
131767 | Tomb:1   | Noticed a greater mummy
131888 | Tomb:1   | Killed a greater mummy
131892 | Tomb:1   | Noticed a greater mummy
131898 | Tomb:1   | Killed a greater mummy
131901 | Tomb:1   | Noticed a greater mummy
131905 | Tomb:1   | Killed a greater mummy
131905 | Tomb:1   | Killed a greater mummy
131905 | Tomb:1   | Killed a greater mummy
131911 | Tomb:1   | Killed a greater mummy
132420 | Tomb:3   | Entered Level 3 of the Tomb of the Ancients
132434 | Tomb:3   | Found the +0 pair of fencer's gloves {+Riposte Dex+3}
132460 | Tomb:3   | Noticed Khufu
132464 | Tomb:3   | Noticed a greater mummy
132467 | Tomb:3   | Noticed a greater mummy
132467 | Tomb:3   | Killed a greater mummy
132467 | Tomb:3   | Killed Khufu
132468 | Tomb:3   | Noticed a greater mummy
132873 | Tomb:3   | Noticed a greater mummy
132873 | Tomb:3   | Noticed a greater mummy
132875 | Tomb:3   | Noticed a greater mummy
132876 | Tomb:3   | Noticed a greater mummy
132876 | Tomb:3   | Killed a greater mummy
132876 | Tomb:3   | Killed a greater mummy
132876 | Tomb:3   | Reached skill level 27 in Fighting
132876 | Tomb:3   | Killed a greater mummy
133106 | Tomb:3   | Found the ring of Shadows {Umbra +Inv Stlth+}
133107 | Tomb:3   | Noticed a greater mummy
133116 | Tomb:3   | Killed a greater mummy
133116 | Tomb:3   | Killed a greater mummy
133133 | Tomb:3   | Killed a greater mummy
133151 | Tomb:3   | Killed a greater mummy
133159 | Tomb:3   | Found the +4 arc blade {discharge, rElec}
133183 | Tomb:3   | Got a fine amber ring
133184 | Tomb:3   | Identified the ring "Cuowuxt" {Ice +Inv Str+3} (You found it on level 3 of the Tomb of the Ancients)
133215 | Tomb:3   | Got a steaming silver amulet
133216 | Tomb:3   | Identified the amulet of the Robin {Gourm rF++ MR- SInv Stlth+} (You found it on level 3 of the Tomb of the Ancients)
133524 | Tomb:3   | Got a golden rune of Zot
134294 | Zot:5    | Noticed an ancient lich
134305 | Zot:5    | Noticed an ancient lich
134305 | Zot:5    | Killed an ancient lich
134315 | Zot:5    | Killed an ancient lich
134315 | Zot:5    | Reached skill level 27 in Dodging
134347 | Zot:5    | Noticed an orb of fire
134352 | Zot:5    | Gained mutation: You are very clumsy. (Dex -4) [an orb of fire]
134353 | Zot:5    | Killed an orb of fire
134617 | Zot:5    | Noticed an ancient lich
134621 | Zot:5    | Killed an ancient lich
134627 | Zot:5    | Noticed an orb of fire
134628 | Zot:5    | Noticed an orb of fire
134633 | Zot:5    | Gained mutation: Your body sometimes deteriorates upon taking damage. [an orb of fire]
134638 | Zot:5    | Gained mutation: Scrolls take you a little longer to read. [an orb of fire]
134640 | Zot:5    | Killed an orb of fire
134643 | Zot:5    | Gained mutation: Your magical capacity is low. (-10% MP) [an orb of fire]
134646 | Zot:5    | Killed an orb of fire
134653 | Zot:5    | Lost mutation: Scrolls take you a little longer to read. [potion of mutation]
134653 | Zot:5    | Lost mutation: Your system is resistant to poisons. (rPois) [potion of mutation]
134653 | Zot:5    | Gained mutation: You are somewhat resistant to further mutation. [potion of mutation]
134858 | Zot:5    | Got the Orb of Zot
135352 | D:1      | Greatplayer! 2 backgrounds and 3 gods left
135353 | D:$      | Escaped with the Orb!

Vault maps used:
D:1:      minmay_arrival_five_plusses, minmay_shallow_snake_nest
D:2:      uniq_crazy_yiuf_cottage
D:3:      chequers_ecumenical_altar_simple_redux
D:4:      nicolae_qazlal_eye_of_the_storm, uniq_ijyb
D:5:      lemuel_temple_firewalk_b, first_ration
D:6:      nicolae_overflow_hidden_temple, uniq_menkaure
D:7:      nicolae_ru_great_annihilating_truth
D:8:      erik_lair_dragon, serial_shops, shop, uniq_joseph, uniq_psyche
D:10:     orc_0_dummy, basic_altar, grunt_ogre_cave
D:11:     serial_shops, shop
D:12:     bloody_makhleb
D:13:     gammafunk_the_bubble, uniq_sonja
D:14:     grunt_vaults_entry_tiered, serial_bayou_pond_b
D:15:     hangedman_depths_entry_try_elsewhere_first, nicolae_two_hexagons,
          elves_outpost_lemuel
Temple:   dpeg_three_leaves_temple
Lair:1:   minivault_23, grunt_forest_small_clearings, lemuel_old_faithful,
          grunt_megastairs_4
Lair:2:   spider_nest_entry_funnel_web, infiniplex_staircase_pool, uniq_nergalle
Lair:3:   beast_lair_carwin_5
Lair:4:   minmay_swamp_entry_worms, beast_lair_carwin_1, lemuel_fruit_fields
Lair:5:   serial_bayou_shore_b, uniq_urug
Lair:6:   due_jungle_book, slime_altar_1, minmay_lair_oklob_chamber,
          grunt_megastairs_5, lemuel_fruit_fields
Swamp:1:  gammafunk_mikee_crab_dinner, nicolae_swamp_treefoil, uniq_frances
Swamp:2:  nicolae_swamp_dense_foliage
Swamp:3:  evilmike_swamp_ruin_house_2
Swamp:4:  swamp_basic_johnstein
Spider:1: hive_lemuel
Spider:2: uniq_arachne
Spider:4: grunt_spider_rune_parallel
Slime:1:  cheibrodos_slime_lost_civilization_9
Orc:1:    portal_ice_cave_entry_pillars_1
Orc:2:    grunt_orc_cross
Elf:1:    minmay_elf_necromancy, uniq_asterion
Elf:2:    serial_shops, shop, uniq_donald, uniq_louise
Elf:3:    elf_hall, enter_trove_6, uniq_jorgrun
Vaults:1: v_misc_12, nicolae_vaults_network_quinsquares, v_misc_15,
          nicolae_vaults_theta, vaults_standard_mumra_enter_the_diamond,
          hangedman_vaults_maws, vaults_dpeg_hooks, vaults_room_stairs_pillars
Vaults:2: grunt_vaults_twisty, vaults_dpeg_diagonal, vaults_room_semicircle,
          vaults_mumra_minichess_inversion, grunt_vaults_hallway_short,
          v_misc_17, v_alt_pattern_5, v_misc_10, vaults_room_stairs_pillars,
          grunt_vaults_diagonal, vaults_room_semicircle,
          nicolae_vaults_ring_of_whatevers, nicolae_vaults_little_squares_2,
          v_misc_19, hangedman_vaults_slice, v_misc_4, serial_shops, shop,
          nicolae_shop_crystal, nicolae_shop_behind_doors, shop, shop
Vaults:3: v_misc_33, v_misc_4, vaults_mumra_hexcomb, hangedman_vaults_locks,
          nicolae_vaults_inception_network, ontoclasm_vaults_pinch, v_misc_23,
          vaults_room_hallway, minmay_crypt_entry_nasty_monster,
          nicolae_vaults_windows_and_doors_thing,
          nicolae_vaults_little_squares_1, vaults_room_semicircle
Vaults:4: hangedman_vaults_pinch, grunt_vaults_focal, grunt_vaults_hallway_long,
          nicolae_vaults_stairing_the_circle, dpeg_vaults_monster_box,
          v_misc_15, nicolae_vaults_arrows, hangedman_vaults_maws, v_misc_5,
          special_room_vaults, vaults_room_fancy_cross
Vaults:5: serial_shops
Crypt:1:  grunt_crypt_arrival_guarded_gate, uniq_jory
Crypt:3:  cryptofortress_bobbens
Depths:1: enter_ziggurat_b, serial_shops, bzr_entry_islet,
          minmay_room_of_horrors, chequers_big_river, grunt_hell_entry_dis_old,
          kilobyte_rumbling_trees, minmay_shoptagon
Depths:2: cheibrodos_birdhouse, abyss_entry_flame_altar, kennysheep_minor_cross,
          pf_hell_entry_great_geh, minmay_misc_feat_alley, uniq_bai_suzhen
Depths:3: minmay_the_grid_octo_tiled_octocenter_mashed, rand_demon_pan_entry_1,
          minmay_misc_feat_room, abyss_entry, hell_entry,
          kennysheep_generic_room_12
Depths:4: minmay_stepped, abyss_entry, pf_hell_entry_tar_river, glass_columns_a,
          minmay_staircase_windowed_small, uniq_frederick
Depths:5: grunt_zot_entry_tricorne, rand_demon_pan_entry_3,
          abyss_entry_small_statue_room, hangedman_decor_clover_reticule,
          hell_entry, serial_bayou_shore_a, serial_bayou_shore_b
Dis:1:    nrook_loot_triangle
Dis:4:    grunt_megastairs_2
Dis:7:    dis_hangedman
Geh:7:    geh_mu
Coc:7:    coc_mu
Tar:3:    lemuel_nasty_fountain
Tar:4:    door_vault
Tar:5:    nicolae_tar_cuneiform_heaven
Tar:6:    nicolae_tar_cuneiform_heaven
Tar:7:    tar_minmay_river
Zot:2:    zot_minivault_4
Abyss:1:  hangedman_elemental_corridor
Abyss:2:  minivault_13, evilmike_abyss_exit_14
Abyss:3:  gammafunk_corrupted_shrine, nicolae_abyss_rune_star_stuff,
          evilmike_abyss_exit_8
Abyss:4:  bh_abyss_negative, evilmike_abyss_exit_15, evilmike_abyss_exit_10
Pan:      nicolae_pan_giant_door, rand_demon_7,
          evilmike_mini_pan_possible_glass, nicolae_pan_sigil_eeng,
          evilmike_mini_pan_branches, rand_demon_8, reaverb_pan_chaos_star,
          evilmike_mnoleg_eyes, nicolae_pan_lom_lobonic_3,
          evilmike_mini_pan_other_thingy, nicolae_pan_door_chamber,
          nicolae_pan_sigil_nadil, nicolae_pan_giant_door, gloorx_vloq_st,
          evilmike_mini_pan_T, grunt_pan_sceptre, pan_blood_fountain_2,
          nicolae_pan_hourglass, pan_blood_fountain_small,
          regret_index_pan_draining_boxed, nicolae_pan_cerebovesque_4,
          grunt_pan_sceptre, evilmike_holy_pan, lom_lobon, pan_blood_fountain_2,
          pan_blood_fountain_small, pan_blood_fountain, evilmike_cerebov_lava,
          pan_blood_fountain_small
Bazaar:   bazaar_jpeg_circle_common
Trove:    trove_misc_throne_room
IceCv:    ice_cave_small_demon

Skill      XL: |  1  2  3  4  5  6  7  8  9 10 11 12 13 14 15 16 17 18 19 20 21 22 23 24 25 26 27 |
---------------+----------------------------------------------------------------------------------+-----
Stealth        | 3 4 |  4.0
Necromancy     | 5 6 7 8 9 10 11 12 14 15 16 17 18 | 18.0
Spellcasting   | 3 4 5 7 9 10 11 12 13 15 17 18 21 | 21.5
Shields        | 2 3 4 5 8 10 15 | 15.1
Earth Magic    | 3 5 6 7 8 10 13 20 | 20.0
Fighting       | 1 4 6 7 8 10 12 13 14 15 16 17 18 27 | 27.0
Dodging        | 3 4 5 7 9 10 11 12 13 14 15 16 17 27 | 27.0
Evocations     | 3 5 7 16 | 16.5
Translocations | 4 5 |  5.0
Conjurations   | 3 4 9 12 | 12.0
Polearms       | 4 7 |  7.0
Summonings     | 2 8 11 13 | 13.0
Transmutations | 3 10 12 | 12.0
Fire Magic     | 1 6 |  6.0
Unarmed Combat | 10 26 | 26.7

Action                   |  1- 3 |  4- 6 |  7- 9 | 10-12 | 13-15 | 16-18 | 19-21 | 22-24 | 25-27 || total
-------------------------+-------+-------+-------+-------+-------+-------+-------+-------+-------++-------
Melee: Unarmed           |     5 |       |       |       |       |       |       |       |  5172 ||  5177
       Constrict         |     3 |     3 |    13 |    17 |    12 |     5 |     3 |     1 |   714 ||   771
       Spear             |     6 |     3 |       |    40 |       |       |       |       |       ||    49
       Dagger            |     1 |       |     2 |       |       |       |       |       |       ||     3
       Flail             |       |     8 |    60 |    31 |       |       |       |       |       ||    99
       Tentacles         |       |       |     8 |    17 |    34 |     5 |     3 |     2 |  1100 ||  1169
       Rapier            |       |       |       |    48 |   108 |       |       |       |       ||   156
       Trident           |       |       |       |       |       |    55 |    13 |     8 |       ||    76
       Staff             |       |       |       |       |       |       |       |       |    24 ||    24
       Punch             |       |       |       |       |       |       |       |       |   779 ||   779
       Eudemon blade     |       |       |       |       |       |       |       |       |     4 ||     4
 Cast: Pain              |    60 |   100 |   144 |   283 |   432 |    16 |     9 |     4 |       ||  1048
       Animate Skeleton  |     8 |    20 |    24 |    41 |    56 |    33 |    34 |    31 |     4 ||   251
       Vampiric Draining |       |     3 |    20 |    32 |    58 |       |       |       |       ||   113
       Borgnjor's Vile C |       |       |    10 |    59 |   234 |   179 |   102 |    87 |   259 ||   930
       Animate Dead      |       |       |       |    11 |    36 |    73 |    38 |    13 |    18 ||   189
       Regeneration      |       |       |       |       |     9 |    21 |    16 |    14 |   235 ||   295
       Dispel Undead     |       |       |       |       |    21 |       |    85 |   167 |   123 ||   396
       Bolt of Draining  |       |       |       |       |    12 |   261 |   277 |   344 |   126 ||  1020
       Death Channel     |       |       |       |       |     3 |    20 |    18 |    12 |    11 ||    64
       Blink             |       |       |       |       |       |     5 |     1 |    10 |    44 ||    60
       Haunt             |       |       |       |       |       |    10 |   127 |   151 |   241 ||   529
       Infestation       |       |       |       |       |       |       |     5 |    23 |    45 ||    73
       Sublimation of Bl |       |       |       |       |       |       |       |       |    46 ||    46
       Orb of Destructio |       |       |       |       |       |       |       |       |   166 ||   166
       Bolt of Fire      |       |       |       |       |       |       |       |       |   292 ||   292
       Statue Form       |       |       |       |       |       |       |       |       |   258 ||   258
       Shatter           |       |       |       |       |       |       |       |       |    76 ||    76
       Passage of Golubr |       |       |       |       |       |       |       |       |    45 ||    45
       Apportation       |       |       |       |       |       |       |       |       |    29 ||    29
Invok: Receive Corpses   |       |       |       |       |     8 |    10 |     2 |       |     1 ||    21
       Receive Necronomi |       |       |       |       |       |     1 |       |       |       ||     1
 Abil: Evoke Flight      |       |       |       |       |       |       |     1 |       |       ||     1
       End Transformatio |       |       |       |       |       |       |       |       |     8 ||     8
Evoke: Wand              |       |       |     3 |     5 |     6 |    11 |     5 |     1 |    13 ||    44
       Staff of energy   |       |       |       |       |     1 |   118 |    79 |    28 |    66 ||   292
       Box of beasts     |       |       |       |       |     1 |     1 |       |       |       ||     2
       Phial of floods   |       |       |       |       |       |       |     2 |     1 |       ||     3
       Lamp of fire      |       |       |       |       |       |       |     1 |       |     2 ||     3
       Sack of spiders   |       |       |       |       |       |       |       |       |     4 ||     4
  Use: Scroll            |     4 |     5 |     7 |     6 |     9 |    21 |     5 |     3 |    55 ||   115
       Potion            |       |       |       |       |       |       |       |     3 |    30 ||    33
 Stab: Distracted        |     1 |       |       |       |       |     1 |       |       |    36 ||    38
       Sleeping          |     2 |       |     1 |     2 |       |       |       |       |     8 ||    13
       Paralysed         |       |       |       |     3 |       |       |       |       |       ||     3
  Eat: Chunk             |     3 |     8 |    34 |    44 |    44 |    21 |    27 |    28 |    49 ||   258
       Ration            |       |       |       |       |     4 |    15 |     8 |     9 |    68 ||   104
Armor: Skin              |     1 |     2 |    11 |    23 |    42 |    63 |    28 |    37 |  1586 ||  1793
Dodge: Dodged            |     7 |    24 |    78 |   177 |   368 |   377 |   260 |   508 |  7866 ||  9665
Block: Buckler           |       |     2 |    37 |    86 |   122 |   144 |   104 |   185 |   584 ||  1264
       Shield            |       |       |       |       |       |       |       |       |  5930 ||  5930
       Reflection        |       |       |       |       |       |       |       |       |    71 ||    71
       Rpst.: Eudemon blade |       |       |       |       |       |       |       |       |     1 ||     1

Table legend:
 A = Spawn XP
 B = Non-spawn XP
 C = Spawn XP percentage of total XP
 D = Spawn monster count
 E = Non-spawn monster count
 F = Spawn count percentage of total count
 G = Total turns spent on level
                    A         B        C        D         E        F      G
               +---------+---------+-------+---------+---------+-------+---------
         Total |  314941 | 3221709 |   8.9 |     459 |    4834 |   8.7 | 135353
               +---------+---------+-------+---------+---------+-------+---------
           D:1 |       0 |      53 |   0.0 |       0 |      21 |   0.0 |  1425
           D:2 |       0 |      90 |   0.0 |       0 |      19 |   0.0 |  1536
           D:3 |       0 |     200 |   0.0 |       0 |      20 |   0.0 |   666
           D:4 |       0 |     272 |   0.0 |       0 |      14 |   0.0 |  1233
           D:5 |       0 |     493 |   0.0 |       0 |      17 |   0.0 |  1120
           D:6 |       0 |     836 |   0.0 |       0 |      19 |   0.0 |  1314
           D:7 |       0 |     495 |   0.0 |       0 |      15 |   0.0 |   867
           D:8 |       0 |    3104 |   0.0 |       0 |      24 |   0.0 |  4677
           D:9 |       0 |     976 |   0.0 |       0 |      32 |   0.0 |  2078
          D:10 |       0 |    3123 |   0.0 |       0 |      24 |   0.0 |  2045
          D:11 |       0 |    7755 |   0.0 |       0 |      48 |   0.0 |  3466
          D:12 |       0 |    8381 |   0.0 |       0 |      26 |   0.0 |  2138
          D:13 |       0 |    8723 |   0.0 |       0 |      35 |   0.0 |  2292
          D:14 |       0 |   20085 |   0.0 |       0 |      81 |   0.0 |  2860
          D:15 |       0 |   14655 |   0.0 |       0 |      30 |   0.0 |  1852
        Lair:1 |       0 |    4293 |   0.0 |       0 |      20 |   0.0 |  2574
        Lair:2 |       0 |    9154 |   0.0 |       0 |      35 |   0.0 |  2044
        Lair:3 |       0 |    4519 |   0.0 |       0 |      23 |   0.0 |  1248
        Lair:4 |       0 |    4532 |   0.0 |       0 |      23 |   0.0 |  1897
        Lair:5 |       0 |   10894 |   0.0 |       0 |      34 |   0.0 |  1934
        Lair:6 |       0 |   24161 |   0.0 |       0 |      62 |   0.0 |  2167
       Swamp:1 |       0 |   11833 |   0.0 |       0 |      36 |   0.0 |  1897
       Swamp:2 |       0 |   10161 |   0.0 |       0 |      25 |   0.0 |  1671
       Swamp:3 |       0 |    6657 |   0.0 |       0 |      27 |   0.0 |  1351
       Swamp:4 |       0 |   26829 |   0.0 |       0 |      49 |   0.0 |  1933
      Spider:1 |       0 |   13994 |   0.0 |       0 |      65 |   0.0 |  1684
      Spider:2 |       0 |   18164 |   0.0 |       0 |      53 |   0.0 |  1015
      Spider:3 |       0 |   11973 |   0.0 |       0 |      43 |   0.0 |  1073
      Spider:4 |       0 |   33388 |   0.0 |       0 |      87 |   0.0 |  1614
       Slime:1 |       0 |    2892 |   0.0 |       0 |      12 |   0.0 |   651
       Slime:2 |       0 |   13574 |   0.0 |       0 |      26 |   0.0 |   832
       Slime:3 |       0 |   19702 |   0.0 |       0 |      40 |   0.0 |   833
       Slime:4 |       0 |    9549 |   0.0 |       0 |      22 |   0.0 |  1291
       Slime:5 |       0 |   27426 |   0.0 |       0 |      31 |   0.0 |   906
         Orc:1 |       0 |    4625 |   0.0 |       0 |      35 |   0.0 |  1354
         Orc:2 |       0 |   13487 |   0.0 |       0 |      66 |   0.0 |  3232
         Elf:1 |       0 |   24123 |   0.0 |       0 |      49 |   0.0 |  1038
         Elf:2 |       0 |   42704 |   0.0 |       0 |      56 |   0.0 |  1962
         Elf:3 |       0 |   48738 |   0.0 |       0 |      51 |   0.0 |  3050
      Vaults:1 |       0 |   34824 |   0.0 |       0 |      80 |   0.0 |  2807
      Vaults:2 |       0 |   38784 |   0.0 |       0 |      80 |   0.0 |  2251
      Vaults:3 |       0 |   52416 |   0.0 |       0 |     101 |   0.0 |  2859
      Vaults:4 |       0 |   82537 |   0.0 |       0 |     151 |   0.0 |  2376
      Vaults:5 |       0 |  158295 |   0.0 |       0 |     159 |   0.0 |  1893
       Crypt:1 |       0 |   33590 |   0.0 |       0 |      53 |   0.0 |  1350
       Crypt:2 |       0 |   19179 |   0.0 |       0 |      31 |   0.0 |  1237
       Crypt:3 |       0 |   72806 |   0.0 |       0 |      94 |   0.0 |  2663
        Tomb:1 |       0 |  109800 |   0.0 |       0 |      79 |   0.0 |  1900
        Tomb:2 |       0 |    9879 |   0.0 |       0 |      18 |   0.0 |   822
        Tomb:3 |       0 |  131676 |   0.0 |       0 |     128 |   0.0 |   518
      Depths:1 |       0 |   21883 |   0.0 |       0 |      69 |   0.0 |  2315
      Depths:2 |       0 |   36071 |   0.0 |       0 |      56 |   0.0 |  1540
      Depths:3 |       0 |   50343 |   0.0 |       0 |      60 |   0.0 |  2627
      Depths:4 |       0 |   26028 |   0.0 |       0 |      36 |   0.0 |  1347
      Depths:5 |       0 |   46527 |   0.0 |       0 |      51 |   0.0 |  1874
          Hell |       0 |   33515 |   0.0 |       0 |      66 |   0.0 |  2133
         Dis:1 |       0 |   11788 |   0.0 |       0 |      18 |   0.0 |   169
         Dis:2 |       0 |   21448 |   0.0 |       0 |      42 |   0.0 |   150
         Dis:3 |       0 |   14042 |   0.0 |       0 |      39 |   0.0 |   147
         Dis:5 |       0 |   45909 |   0.0 |       0 |      74 |   0.0 |   605
         Dis:6 |       0 |    1487 |   0.0 |       0 |       6 |   0.0 |    76
         Dis:7 |       0 |   68899 |   0.0 |       0 |     107 |   0.0 |   341
         Geh:1 |       0 |   33756 |   0.0 |       0 |      81 |   0.0 |   406
         Geh:2 |       0 |   14688 |   0.0 |       0 |      35 |   0.0 |   116
         Geh:3 |       0 |   11070 |   0.0 |       0 |      24 |   0.0 |    89
         Geh:4 |       0 |   15463 |   0.0 |       0 |      42 |   0.0 |   233
         Geh:5 |       0 |   44860 |   0.0 |       0 |      67 |   0.0 |   271
         Geh:6 |       0 |   15241 |   0.0 |       0 |      30 |   0.0 |   152
         Geh:7 |       0 |   63901 |   0.0 |       0 |      80 |   0.0 |   688
         Coc:1 |       0 |    7328 |   0.0 |       0 |      12 |   0.0 |    91
         Coc:2 |       0 |    3375 |   0.0 |       0 |      12 |   0.0 |    65
         Coc:3 |       0 |   31820 |   0.0 |       0 |      30 |   0.0 |   181
         Coc:4 |       0 |    6419 |   0.0 |       0 |       4 |   0.0 |    49
         Coc:5 |       0 |   30535 |   0.0 |       0 |      62 |   0.0 |   358
         Coc:6 |       0 |   10090 |   0.0 |       0 |      19 |   0.0 |    69
         Coc:7 |       0 |   60551 |   0.0 |       0 |      83 |   0.0 |   398
         Tar:1 |       0 |    2745 |   0.0 |       0 |       7 |   0.0 |    40
         Tar:2 |       0 |   24742 |   0.0 |       0 |      12 |   0.0 |   144
         Tar:3 |       0 |   10678 |   0.0 |       0 |      20 |   0.0 |   173
         Tar:4 |       0 |   58878 |   0.0 |       0 |      85 |   0.0 |   393
         Tar:5 |       0 |   44434 |   0.0 |       0 |      91 |   0.0 |   443
         Tar:6 |       0 |    4431 |   0.0 |       0 |      11 |   0.0 |    96
         Tar:7 |       0 |  130984 |   0.0 |       0 |     120 |   0.0 |   848
         Zot:1 |       0 |   46308 |   0.0 |       0 |      44 |   0.0 |  1912
         Zot:2 |       0 |   56291 |   0.0 |       0 |      49 |   0.0 |  1314
         Zot:3 |       0 |   34028 |   0.0 |       0 |      29 |   0.0 |  1735
         Zot:4 |       0 |   40610 |   0.0 |       0 |      31 |   0.0 |   987
         Zot:5 |       0 |  206430 |   0.0 |       0 |      76 |   0.0 |   959
       Abyss:1 |   43069 |   26937 |  61.5 |      63 |      58 |  52.1 |  1841
       Abyss:2 |   19046 |   25582 |  42.7 |      60 |      51 |  54.1 |  1805
       Abyss:3 |   31292 |   36435 |  46.2 |      70 |      65 |  51.9 |  1422
       Abyss:4 |    3424 |       0 | 100.0 |       9 |       0 | 100.0 |   109
           Pan |  218110 |  529841 |  29.2 |     257 |     488 |  34.5 | 13463
         IceCv |       0 |    4919 |   0.0 |       0 |      23 |   0.0 |  1427
               +---------+---------+-------+---------+---------+-------+---------
